 Dungeon Crawl Stone Soup version 0.21-a0-630-g344d351 (webtiles) character file.

95 slep the Chopper (level 4, -8/61 HPs)
             Began as a Hill Orc Monk on Dec 25, 2017.
             Was a Believer of Okawaru.
             Killed by divine providence
             ... invoked by an orc priest
              (17 damage)
             ... on level 3 of the Dungeon.
             The game lasted 00:06:34 (1606 turns).

slep the Chopper (Hill Orc Monk)                    Turns: 1606, Time: 00:06:35

Health: -8/61      AC: 22    Str: 13    XL:     4   Next: 65%
Magic:  4/4        EV:  2    Int: 10    God:    Okawaru [**....]
Gold:   152        SH:  0    Dex: 14    Spells: 3/3 levels left

rFire    . . .     SeeInvis +   a - +0 hand axe
rCold    . . .     Gourm    .   (no shield)
rNeg     + + +     Faith    .   (armour currently unavailable)
rPois    +         Spirit   .   (helmet currently unavailable)
rElec    .         Reflect  .   (cloak currently unavailable)
rCorr    .         Harm     .   (gloves currently unavailable)
MR       .....     NoTele   +   (boots currently unavailable)
Stlth    ++........             (no amulet)
HPRegen  0.20/turn              h - ring of teleportation (curse)
MPRegen  0.09/turn              j - ring of see invisible

@: tree-form
A: no striking features
a: Heroism, Renounce Religion, Convert to Beogh


You were on level 3 of the Dungeon.
You worshipped Okawaru.
Okawaru was pleased with you.
You were hungry.
You were a tree.
You visited 1 branch of the dungeon, and saw 3 of its levels.

You collected 152 gold pieces.

Inventory:

Hand Weapons
 a - a +0 hand axe (weapon)
Missiles
 l - 43 sling bullets
Armour
 b - a +0 robe (melded)
Jewellery
 h - a cursed ring of teleportation (left branch)
 j - a ring of see invisible (right branch)
Scrolls
 d - 2 scrolls of teleportation {unknown}
 f - 2 scrolls of amnesia {unknown}
 g - 3 scrolls of identify {unknown}
 i - 2 scrolls of blinking {unknown}
 r - 2 scrolls of remove curse {unknown}
Potions
 n - a potion of mutation {unknown}
 o - a potion of flight {unknown}
 p - a potion of degeneration {unknown}
 q - a potion of haste {unknown}
 s - a potion of might {unknown}
Comestibles
 c - 4 rations


   Skills:
 + Level 4.3 Fighting
 + Level 5.4 Axes
 + Level 3.0 Dodging
 + Level 2.1 Stealth


You had 3 spell levels left.
You didn't know any spells.

Dungeon Overview and Level Annotations

Branches:
Dungeon (3/15)

Altars:
Okawaru
Sif Muna


Message History

You completely miss the gnoll.
The gnoll is heavily wounded.
The gnoll hits you but does no damage.
You hit the gnoll.
The gnoll is heavily wounded.
The orc priest shouts, "Surrender to Beogh and we'll let you live!"
The gnoll hits you but does no damage.
The orc priest calls down the wrath of Beogh upon you.
Beogh smites you!
* * * LOW HITPOINT WARNING * * *
The orc priest shouts, "Surrender to Beogh and we'll let you live!"
The orc priest shouts, "Beogh is our master!
Accept the truth or die!"
You hit the gnoll.
The gnoll is severely wounded.
The orc priest begins to cast a cantrip, but forgets the words!
The gnoll hits you with a club.
* * * LOW HITPOINT WARNING * * *
The orc priest invokes the aid of Beogh against you.
Beogh smites you!
You die...

+.........'............
#.........####...####.
##.......## ##..#
##.....## ##.# ##..>##
#.### ##+## #...# #.#.#
#.#.# #♣# # #g# #o# #g#


ooh #h# #o# #.. You could see 2 orc priests, 2 gnolls, 2 orcs and 2 jackals.

Vanquished Creatures
  2 adders (D:2)
  A gnoll (D:3)
  An ooze (D:2)
  A ball python (D:3)
  5 bats
  3 giant cockroaches (D:2)
  8 goblins
  7 hobgoblins
  11 jackals
  8 kobolds
  A quokka (D:2)
  4 frilled lizards
  5 rats
57 creatures vanquished.

Notes
Turn   | Place    | Note
-------+----------+-------------------------------------------
     0 | D:1      | slep the Hill Orc Monk began the quest for the Orb.
     0 | D:1      | Reached XP level 1. HP: 19/19 MP: 1/1
   179 | D:1      | Reached XP level 2. HP: 24/27 MP: 2/2
   587 | D:2      | Reached XP level 3. HP: 24/33 MP: 3/3
   906 | D:2      | Found an iron altar of Okawaru.
   918 | D:2      | Became a worshipper of Warmaster Okawaru
   918 | D:2      | Reached * piety under Okawaru
   918 | D:2      | Reached ** piety under Okawaru
  1094 | D:2      | Found a deep blue altar of Sif Muna.
  1101 | D:2      | Reached skill level 5 in Axes
  1101 | D:2      | Reached XP level 4. HP: 17/40 MP: 4/4
  1606 | D:3      | Killed from afar by an orc priest

Vault maps used:
D:1:      shiori_arrival_elements, serial_bayou_pond_d
D:2:      lemuel_round_altar, okawaru_altar_gauntlet_db, first_ration
D:3:      lemuel_round_altar, minmay_misc_feat_five

Skill      XL: |  1  2  3  4 |
---------------+-------------+-----
Fighting       | 4 |  4.3
Stealth        | 2 |  2.1
Axes           | 5 |  5.4
Dodging        | 3 |  3.0

Action                   |  1- 3 |  4- 6 || total
-------------------------+-------+-------++-------
Melee: Hand axe          |   117 |    79 ||   196
  Use: Potion            |       |     2 ||     2
 Stab: Sleeping          |     6 |       ||     6
  Eat: Chunk             |     1 |     1 ||     2
Armor: Robe              |    20 |     9 ||    29
       Skin              |       |     6 ||     6
Dodge: Dodged            |   117 |    61 ||   178

Table legend:
 A = Spawn XP
 B = Non-spawn XP
 C = Spawn XP percentage of total XP
 D = Spawn monster count
 E = Non-spawn monster count
 F = Spawn count percentage of total count
 G = Total turns spent on level
                    A         B        C        D         E        F      G
               +---------+---------+-------+---------+---------+-------+---------
         Total |       0 |     136 |   0.0 |       0 |      57 |   0.0 |  1606
               +---------+---------+-------+---------+---------+-------+---------
           D:1 |       0 |      28 |   0.0 |       0 |      17 |   0.0 |   553
           D:2 |       0 |      91 |   0.0 |       0 |      37 |   0.0 |   975
           D:3 |       0 |      17 |   0.0 |       0 |       3 |   0.0 |    78
               +---------+---------+-------+---------+---------+-------+---------
